 Dungeon Crawl Stone Soup version 0.31.0-11-ge490571c62 (webtiles) character file.

Game seed: 8197862291801580621

46 qw the Shooter (level 3, -8/20 HPs)
             Began as a Deep Elf Hunter on Feb 5, 2024.
             Mangled by an iguana (9 damage)
             ... on level 2 of the Dungeon.
             The game lasted 00:00:14 (924 turns).

qw the Shooter (Deep Elf Hunter)                     Turns: 924, Time: 00:00:15

Health: -8/20      AC:  3    Str: 10    XL:     3   Next: 46%
Magic:  5/5        EV: 12    Int: 13    God:
Gold:   28         SH:  0    Dex: 18    Spells: 2/2 levels left

rFire   . . .        a - +0 shortbow
rCold   . . .        (shield currently unavailable)
rNeg    . . .        c - +0 leather armour
rPois   .            (no helmet)
rElec   .            (no cloak)
rCorr   .            (no gloves)
SInv    .            (no boots)
Will    .....        (no amulet)
Stlth   ++           (no ring)
HPRegen 0.23/turn    (no ring)
MPRegen 0.09/turn

%: no passive effects
@: no status effects
A: no striking features
a: no special abilities


You were on level 2 of the Dungeon.
You visited 1 branch of the dungeon, and saw 2 of its levels.

You collected 28 gold pieces.


   Skills:
 - Level 1.5 Fighting
 + Level 7.0 Ranged Weapons
 - Level 2.4 Dodging
 - Level 1.2 Stealth


You had 2 spell levels left.
You didn't know any spells.
Your spell library was empty.

Inventory:

Hand Weapons
 a - a +0 shortbow (weapon)
Armour
 b - a +0 scale mail
 c - a +0 leather armour (worn)
Scrolls
 d - a scroll of amnesia {unknown}
 e - a scroll of identify
Potions
 h - 2 potions of curing {unknown}

Dungeon Overview and Level Annotations

Branches:
Dungeon (2/15)

Altars:


Message History

You shoot an arrow. The arrow hits the hobgoblin.
You kill the hobgoblin!
Found a dagger.
You see here a hobgoblin corpse.
A quokka comes into view.
You shoot an arrow.
The arrow hits the quokka but does no damage.
You shoot an arrow. The arrow barely misses the quokka.
You shoot an arrow.
The arrow hits the quokka but does no damage.
You hear an angry hiss.
You shoot an arrow. The arrow barely misses the quokka.
An iguana comes into view.
The quokka closely misses you.
You shoot an arrow.
The arrow hits the quokka but does no damage.
The quokka closely misses you.
You shoot an arrow. The arrow hits the quokka.
The quokka is lightly wounded.
The quokka barely misses you.
You shoot an arrow. The arrow completely misses the quokka.
The arrow barely misses the iguana.
The quokka bites you but does no damage.
The quokka barely misses you.
You shoot an arrow. The arrow closely misses the quokka.
The arrow barely misses the iguana.
The quokka closely misses you.
You shoot an arrow.
The arrow hits the quokka but does no damage.
The quokka is lightly wounded.
The quokka bites you.
You shoot an arrow. The arrow hits the quokka!
You kill the quokka!
The iguana bites you!
You shoot an arrow. The arrow barely misses the iguana.
The iguana bites you!
You shoot an arrow. The arrow hits the iguana.
The iguana is lightly wounded.
The iguana bites you!
You die...

........## ........#
#.......#
#######.......#
#..<..#.......#
#.#.....#.......#
#..)....#.......#
####.########%#.......#
......l@..............#
.###.########.##......#
#.........# #...#.....#
#...#.....# ###########


You could see an iguana.

Vanquished Creatures
  3 dart slugs (D:1)
  A bat (D:2)
  5 endoplasms (D:1)
  2 giant cockroaches
  4 goblins (D:1)
  5 hobgoblins
  3 jackals (D:1)
  2 kobolds (D:1)
  3 quokkas
  A ball python (D:2)
  5 frilled lizards (D:1)
  A rat (D:2)
35 creatures vanquished.

Notes
Turn   | Place    | Note
-------+----------+-------------------------------------------
     0 | D:1      | qw the Deep Elf Hunter began the quest for the Orb.
     0 | D:1      | Reached XP level 1. HP: 12/12 MP: 3/3
     0 | D:1      | 0 ||| qw: Version: 0.3-a-160-g6735b56
     0 | D:1      | 0 ||| qw: Game counter: 6221
     0 | D:1      | 0 ||| qw: Melee chars always use a shield: true
     0 | D:1      | 0 ||| qw: God list: Okawaru
     0 | D:1      | 0 ||| qw: Allow faded altars: false
     0 | D:1      | 0 ||| qw: Do Orc after clearing Dungeon:15 true
     0 | D:1      | 0 ||| qw: Do second Lair branch before Depths: true
     0 | D:1      | 0 ||| qw: Lair rune preference: random
     0 | D:1      | 0 ||| qw: Goals: Normal
     0 | D:1      | 0 ||| PLANNING D:1-11
   144 | D:1      | Reached skill level 6 in Ranged Weapons
   144 | D:1      | Reached XP level 2. HP: 16/16 MP: 4/4
   366 | D:1      | Reached XP level 3. HP: 20/20 MP: 5/5
   644 | D:1      | Found a faded altar of an unknown god.
   690 | D:1      | 690 ||| READING scroll labelled KISUSK WOOQOTO.
   691 | D:1      | 691 ||| READING 2 scrolls labelled UTIALY GISU EFU.
   691 | D:1      | 691 ||| IDENTIFYING silvery potion
   692 | D:1      | 692 ||| READING scroll of identify.
   692 | D:1      | 692 ||| IDENTIFYING murky inky potion
   693 | D:1      | 693 ||| READING scroll labelled YGHUKE LEHE.
   694 | D:1      | 694 ||| DROPPING scroll of butterflies.
   695 | D:1      | 695 ||| DROPPING potion of lignification.
   696 | D:1      | 696 ||| DROPPING potion of magic.
   877 | D:2      | Reached skill level 7 in Ranged Weapons
   923 | D:2      | HP: 1/20 [iguana (8)]
   924 | D:2      | Mangled by an iguana

Levels and vault maps discovered:
D:1:      dpeg_arrival_orchard, layout_loops_ring,
          shapermc_ecumenical_altar_notcrosses, grunt_decor_resistance,
          chequers_garden
D:2:      layout_basic, basic_altar, serial_shops, shop

Skill      XL: |  1  2  3 |
---------------+----------+-----
Ranged Weapons | 6 7 |  7.0
Fighting       | |  1.5
Dodging        | |  2.4
Stealth        | |  1.2

Action                     || total
---------------------------++-------
   Fire: Shortbow          ||    82
    Use: Scroll            ||     4
 Armour: Leather armour    ||    13
  Dodge: Dodged            ||    10

Table legend:
 A = Non-vault XP
 B = Vault XP
 C = Vault XP percentage of total XP
 D = Non-vault monster count
 E = Vault monster count
 F = Vault count percentage of total count
                 A         B        C        D         E       F
            +---------+---------+-------+---------+---------+-------
      Total |      67 |       0 |   0.0 |      35 |       0 |   0.0
            +---------+---------+-------+---------+---------+-------
        D:1 |      55 |       0 |   0.0 |      28 |       0 |   0.0
        D:2 |      12 |       0 |   0.0 |       7 |       0 |   0.0
            +---------+---------+-------+---------+---------+-------
